 Dungeon Crawl Stone Soup version 0.27-a0-1416-g941b2bd30b (webtiles) character file.

Game seed: 2795190788774009286

132 robertstho the Magician (level 5, -1/37 HPs)
             Began as a Djinni Fire Elementalist on July 1, 2021.
             Slain by a scorpion (5 damage)
             ... on level 4 of the Dungeon.
             The game lasted 00:03:00 (3418 turns).

robertstho the Magician (Djinni Fire Elementalist)  Turns: 3418, Time: 00:03:01

Health: -1/37      AC:  2    Str:  7    XL:     5   Next: 38%
Gold:   88         EV: 12    Int: 18    God:
                   SH:  0    Dex: 13

rFire    + + .     SeeInvis .   f - +0 dagger
rCold    x . .     Faith    .   (no shield)
rNeg     . . .     Spirit   .   a - +0 robe
rPois    ∞         Reflect  .   (no helmet)
rElec    .         Harm     .   (no cloak)
rCorr    .         Rampage  .   (no gloves)
Will     .....                  (boots unavailable)
Stlth    ++........             (no amulet)
HPRegen  0.12/turn              (no ring)
MPRegen  0.00/turn              (no ring)

@: flying, very slightly contaminated
A: sickness immunity, fire resistance 2, cold vulnerability 1, float, innate
caster, hp casting, extra vitality 1
a: no special abilities


You were on level 4 of the Dungeon.
You visited 1 branch of the dungeon, and saw 4 of its levels.

You collected 88 gold pieces.

Inventory:

Hand Weapons
 f - a +0 dagger (weapon)
Armour
 a - a +0 robe (worn)
Scrolls
 b - 2 scrolls of identify {unknown}
 c - a scroll of teleportation {unknown}
 d - 2 scrolls of enchant weapon {unknown}
 g - 2 scrolls of fog {unknown}
 i - a scroll of noise {unknown}
Potions
 e - a potion of curing {unknown}
 h - a potion of might {unknown}


   Skills:
 * Level 1.2 Fighting
 + Level 2.4 Dodging
 + Level 1.8 Stealth
 * Level 4.0 Spellcasting


You couldn't memorise any spells.
You knew the following spells:

 Your Spells              Type           Power      Damage    Failure   Level
a - Foxfire               Conj/Fire      72%        2x1d7     2%          1
b - Conjure Flame         Conj/Fire      18%        6-21      9%          3
c - Inner Flame           Hex/Fire       18%        N/A       9%          3
d - Sticky Flame          Conj/Fire      18%        2d4       26%         4
e - Fireball              Conj/Fire      9%         3d6       58%         5
f - Summon Small Mammal   Summ           72%        N/A       2%          1
g - Poisonous Vapours     Pois/Air       36%        N/A       4%          2
Your spell library was empty.

Dungeon Overview and Level Annotations

Branches:
Dungeon (3/15)

Altars:


Innate Abilities, Weirdness & Mutations

You are immune to sickness and miasma.
You are immune to poison.
Your flesh is very heat resistant. (rF++)
You are vulnerable to cold. (rC-)
You float through the air rather than walking.
You learn spells naturally, not from books.
Your magical power is your life essence.
You have superior vitality. (+4 HP)


Message History

You kill the kobold!
The foxfire hits the hobgoblin.
The hobgoblin is heavily wounded.
The foxfire hits the scorpion.
The scorpion is lightly wounded.
Casting: Foxfire (safe; 2% risk of failure)
Press: ? - help, Q - select action, (/) - cycle Dir - look around, f - activate You conjure some foxfire!
The foxfire hits the scorpion but does no damage.
The scorpion is lightly wounded.
The scorpion barely misses you. The gnoll closely misses you.
The scorpion stings you.
Casting: Foxfire (safe; 2% risk of failure)
Press: ? - help, Q - select action, (/) - cycle Dir - look around, f - activate You conjure some foxfire!
The gnoll hits you but does no damage.
The scorpion stings you but does no damage.
The foxfire hits the scorpion.
The scorpion is moderately wounded.
The foxfire hits the scorpion.
The scorpion is severely wounded.
The gnoll hits you from afar with a +0 spear!
The scorpion misses you.
Unknown command.
Unknown command.
The foxfire hits the scorpion but does no damage.
The scorpion is severely wounded.
Found 14 arrows.
Casting: Foxfire (safe; 2% risk of failure)
Confirm with . or Enter, or press ? or * to list all spells.
The spell is extremely dangerous to cast (26% risk of failure)!
Continue anyway?
Aiming: Sticky Flame (extremely dangerous; 26% risk of failure)
Press: ? - help, Shift-Dir - straight line, f - scorpion
Aim: a scorpion (severely wounded, 100% to hit)
You miscast Sticky Flame.
You are very lightly contaminated with residual magic.
A wave of violent energy washes through your body!
* * * LOW HITPOINT WARNING * * *
x2 The scorpion stings you.
You die...

## #( #. #. ####
# #. ...#.# #.
.#).. #.###g.#
#.@sg#§# .
####...###..
#..#...#.
####†...#...
#..........<
#.##.##.##.#
#.##.##.##.######
#.##.##..........
#.##.##.##.......


You could see a scorpion, a gnoll and a hobgoblin.

Vanquished Creatures
  A scorpion (D:4)
  A gnoll (D:1)
  2 dart slugs (D:1)
  6 endoplasms
  A giant cockroach (D:1)
  7 goblins
  6 hobgoblins
  A quokka (D:2)
  5 ball pythons
  6 bats
  5 frilled lizards
  11 kobolds
  9 rats
61 creatures vanquished.

Vanquished Creatures (collateral kills)
  A foxfire (D:2)
1 creature vanquished.

Vanquished Creatures (others)
  292 foxfires
  A fungus (D:2)
  3 plants (D:2)
296 creatures vanquished.

Grand Total: 358 creatures vanquished

Notes
Turn   | Place    | Note
-------+----------+-------------------------------------------
     0 | D:1      | robertstho the Djinni Fire Elementalist began the quest for
                  | the Orb.
     0 | D:1      | Reached XP level 1. HP: 15/15 MP: 0/0
   168 | D:1      | Reached XP level 2. HP: 17/21 MP: 0/0
   800 | D:1      | Reached skill level 3 in Spellcasting
   800 | D:1      | Reached XP level 3. HP: 20/26 MP: 0/0
   800 | D:1      | Learned a level 1 spell: Summon Small Mammal
  1876 | D:2      | Reached XP level 4. HP: 24/31 MP: 0/0
  2770 | D:2      | Found a faded altar of an unknown god.
  3312 | D:3      | You are sucked into a shaft and drop 1 floor!
  3344 | D:4      | Noticed a scorpion
  3350 | D:4      | Killed a scorpion
  3351 | D:4      | Reached skill level 1 in Fighting
  3351 | D:4      | Reached skill level 4 in Spellcasting
  3351 | D:4      | Reached XP level 5. HP: 30/37 MP: 0/0
  3351 | D:4      | Learned a level 2 spell: Poisonous Vapours
  3418 | D:4      | Slain by a scorpion

Illustrated notes

Levels and vault maps discovered:
D:1:      lemuel_arrival_rhombus, layout_basic, chequers_serial_rivers_micro_a,
          chequers_serial_rivers_micro_c
D:2:      layout_basic, shapermc_ecumenical_altar_mp_ritualfount
D:3:      layout_basic, lemuel_crystal_altar, grunt_decor_mini_mirrors,
          minmay_goblin_outpost, uniq_jessica
D:4:      layout_loops_ring, wad_floor_pattern_2,
          minmay_fractal_squares_diagonal_5

Skill      XL: |  1  2  3  4 |
---------------+-------------+-----
Spellcasting   | 3 4 |  4.0
Fighting       | 1 |  1.2
Dodging        | |  2.4
Stealth        | |  1.8

Action                   |  1- 3 |  4- 6 || total
-------------------------+-------+-------++-------
Melee: Unarmed           |     1 |       ||     1
 Cast: Foxfire           |    91 |    86 ||   177
Armor: Robe              |     3 |     4 ||     7
Dodge: Dodged            |     8 |     6 ||    14

Table legend: (Time is in decaauts)
 A = Elapsed time spent in this place.
 B = Non-inter-level travel time spent in this place.
 C = Inter-level travel time spent in this place.
 D = Time resting spent in this place.
 E = Time spent auto-exploring this place.
 F = Levels seen in this place.
 G = Mean time per level.
                   A        B        C        D        E       F      G
               +--------+--------+--------+--------+--------+-----+--------+
         Total |   3416 |   3377 |     39 |      0 |   3042 |   4 |  854.0 |
       Dungeon |   3416 |   3377 |     39 |      0 |   3042 |   4 |  854.0 |
               +--------+--------+--------+--------+--------+-----+--------+

Top non-repeatable levels by time:
     D:1: 1665 daAuts
     D:2: 1289 daAuts
     D:3: 355 daAuts
     D:4: 105 daAuts
